 Dungeon Crawl Stone Soup version 0.27.0-1-g7a089689b8 (webtiles) character file.

Game seed: 2986317517500726706

30 SnakkuSnakku7 the Bolt Thrower (level 3, -1/23 HPs)
             Began as an Octopode Arcane Marksman on Aug 12, 2021.
             Slain by a hobgoblin (4 damage)
             ... on level 1 of the Dungeon.
             The game lasted 00:01:36 (1196 turns).

SnakkuSnakku7 the Bolt Thrower (OpAM)               Turns: 1196, Time: 00:01:36

Health: -1/23      AC:  1    Str: 10    XL:     3   Next: 20%
Magic:  4/4        EV: 13    Int: 15    God:
Gold:   78         SH:  0    Dex: 12    Spells: 3/4 levels left

rFire    . . .     SeeInvis .   a - +0 hand crossbow
rCold    . . .     Faith    .   (no shield)
rNeg     . . .     Spirit   .   (helmet restricted)
rPois    .         Reflect  .   (no amulet)
rElec    .         Harm     .   (no ring)
rCorr    .         Rampage  .   (no ring)
Will     .....                  (no ring)
Stlth    ++........             (no ring)
HPRegen  0.07/turn              (no ring)
MPRegen  0.09/turn              (no ring)
                                (no ring)
                                (no ring)

@: no status effects
A: almost no armour, amphibious, 8 rings, camouflage 1, gelatinous body 1,
(nimble swimmer 1), tentacles
a: no special abilities


You were on level 1 of the Dungeon.
You visited 1 branch of the dungeon, and saw 2 of its levels.

You collected 78 gold pieces.

Inventory:

Hand Weapons
 a - a +0 hand crossbow (weapon)
 b - a +0 dagger
Missiles
 c - 11 bolts (quivered ammo)
Scrolls
 e - a scroll of fear {unknown}
 f - a scroll of enchant weapon {unknown}
Potions
 d - a potion of lignification {unknown}


   Skills:
 - Level 1.0 Fighting
 + Level 3.5 Crossbows
 - Level 2.0 Dodging
 - Level 1.0 Spellcasting
 - Level 3.0 Hexes


You had 3 spell levels left.
You knew the following spells:

 Your Spells              Type           Power      Damage    Failure   Level
a - Corona                Hex            10%        N/A       7%          1

Your spell library contained the following spells:

 Spells                   Type           Power      Damage    Failure   Level
 Slow                     Hex            9%         N/A       11%         2
 Corpse Rot               Necr/Air       N/A        N/A       36%         2
 Poisonous Vapours        Pois/Air       0%         N/A       36%         2
 Inner Flame              Hex/Fire       5%         N/A       36%         3
 Portal Projectile        Hex/Tloc       10%        N/A       36%         3
 Cause Fear               Hex            4%         N/A       56%         4
 Freezing Cloud           Conj/Ice/Air   0%         6-21      100%        5


Dungeon Overview and Level Annotations

Branches:
Dungeon (2/15)

Altars:

Shops:
D:1 [


Innate Abilities, Weirdness & Mutations

You cannot wear most types of armour.
You are amphibious.
You can wear up to eight rings at the same time.
Your skin changes colour to match your surroundings (Stealth+).
Your rubbery body absorbs attacks. (AC +1, EV +1)
((You are camouflaged near water. (Stealth+)))
You have tentacles for arms and can constrict up to eight enemies at once.


Message History

Unknown command.
You shoot a bolt. The bolt hits the adder.
The adder is severely wounded.
The adder barely misses you.
Unknown command.
You shoot a bolt. The bolt barely misses the adder.
The hobgoblin shouts!
The adder bites you.
An adder comes into view.
The adder barely misses you. The frilled lizard closely misses you.
You shoot a bolt. The bolt misses the adder.
The adder closely misses you. The frilled lizard bites you.
The adder barely misses you.
Unknown command.
You shoot a bolt. The bolt misses the adder.
A ball python comes into view.
The frilled lizard completely misses you.
The adder closely misses you. The frilled lizard misses you.
The adder bites you.
You shoot a bolt. The ball python hisses angrily.
The bolt hits the adder.
The adder is almost dead.
The adder bites you. The frilled lizard bites you.
Unknown command.
The adder bites you. The frilled lizard misses you. The adder misses you.
The adder bites you. The hobgoblin hits you.
* * * LOW HITPOINT WARNING * * *
You climb upwards.
There is a stone staircase leading down here.
Unknown command.
Unknown command.
Fire: 12 bolts
Press: ? - help, Q - select action, (/) - cycle Shift-Dir - straight line, f - frilled lizard
Aim: a frilled lizard (44% to hit)
You shoot a bolt.
The bolt hits the frilled lizard but does no damage.
The adder misses you. The frilled lizard bites you.
* * * LOW HITPOINT WARNING * * *
The hobgoblin hits you.
You die...

###.#......##.#.).#
#.#.####.##.#...#
#.#.####.##.....#
#.#.............#
#.#.......##....#
###.#.......###...#
....#.......# #...#
##..#.......# ##.l#
.#..#.......# #@.#
.#..#.......# #Sg#
.#..#.####### #..#
.#..#.##########..#
.#..#.#...........#
.#..#.#.########.##
....#.#.# #.#
.#..#.#.# #.#
.#..#.#.# #.#


You could see an adder, a hobgoblin and a frilled lizard.

Vanquished Creatures
  An adder (D:2)
  4 bats (D:1)
  An endoplasm (D:1)
  A giant cockroach (D:1)
  A hobgoblin (D:1)
  2 jackals (D:1)
  A quokka (D:1)
  3 frilled lizards (D:1)
  5 kobolds (D:1)
  A rat (D:1)
20 creatures vanquished.

Notes
Turn   | Place    | Note
-------+----------+-------------------------------------------
     0 | D:1      | SnakkuSnakku7 the Octopode Arcane Marksman began the quest
                  | for the Orb.
     0 | D:1      | Reached XP level 1. HP: 13/13 MP: 2/2
   135 | D:1      | Reached XP level 2. HP: 10/18 MP: 3/3
   635 | D:1      | Found a faded altar of an unknown god.
   668 | D:1      | Found Oforeide's Armour Shoppe.
  1121 | D:2      | Reached XP level 3. HP: 17/23 MP: 4/4
  1196 | D:1      | Slain by a hobgoblin

Illustrated notes

Levels and vault maps discovered:
D:1:      minmay_arrival_wavy_path, layout_basic, ebering_ecumenical_altar_mist,
          serial_shops, shop
D:2:      minmay_wonky_spiral, layout_rooms, basic_altar, serial_shops, shop,
          kennysheep_generic_room_11

Skill      XL: |  1  2 |
---------------+-------+-----
Crossbows      | 3 |  3.5
Fighting       | |  1.0
Dodging        | |  2.0
Spellcasting   | |  1.0
Hexes          | |  3.0

Action                   || total
-------------------------++-------
Melee: Dagger            ||    59
       Constrict         ||    14
       Tentacles         ||     7
 Fire: Hand crossbow     ||    21
 Stab: Sleeping          ||     5
Armor: Skin              ||    11
Dodge: Dodged            ||    59
